 Dungeon Sprint DCSS version 0.32-a0-7-ge934b4519a (webtiles) character file.

Game seed: 5819737838630109829

20349 zazu2006 the Luminary of Lethal Lore (level 12, -5/105 HPs)
             Began as a Gnoll Wanderer on Jan 13, 2024.
             Was the Champion of Vehumet.
             Killed from afar by a frost giant (55 damage)
             ... with a bolt of cold
             ... in the Dungeon (Sprint VII: "The Pits").
             The game lasted 00:42:29 (4811 turns).

zazu2006 the Luminary of Lethal Lore (GnWn)         Turns: 4811, Time: 00:42:29

Health: -5/105     AC: 14    Str: 14    XL:     12   Next: 78%
Magic:  7/28       EV: 18    Int: 12    God:    Vehumet [******]
Gold:   41         SH:  8    Dex: 20    Spells: 8/36 levels left

rFire   . . .        o - +2 long sword (flame)
rCold   . . .        c - +0 buckler
rNeg    . . .        u - +5 ring mail
rPois   .            v - +0 helmet
rElec   .            (no cloak)
rCorr   .            (no gloves)
SInv    .            (no boots)
Will    .....        (no amulet)
Stlth   +++++        q - +3 ring of dexterity
HPRegen 0.37/turn    r - +3 ring of strength
MPRegen 0.21/turn

%: no teleportation
@: no status effects
A: fangs 1, strong nose, distributed training
a: Renounce Religion


You were in the Dungeon.
You worshipped Vehumet.
Vehumet was exalted by your worship.
You visited 1 branch You collected 41 gold pieces.

Inventory:

Hand Weapons
 j - a +2 vampiric long sword
 o - a +2 long sword of flaming (weapon)
 w - a +2 scimitar of holy wrath
Missiles
 e - 4 throwing nets (quivered)
 y - 9 javelins
Armour
 c - a +0 buckler (worn)
 u - a +5 ring mail (worn)
 v - a +0 helmet (worn)
Jewellery
 q - a +3 ring of dexterity (left hand)
 r - a +3 ring of strength (right hand)
 F - a ring of positive energy
 G - a ring of ice
Wands
 a - a wand of flame (19)
Scrolls
 d - 4 scrolls of blinking
 l - 2 scrolls of vulnerability
 m - 5 scrolls of amnesia
 n - 2 scrolls of summoning
 z - 3 scrolls of identify
 B - 4 scrolls of enchant weapon
 C - a scroll of fear
 E - 2 scrolls of enchant armour
Potions
 b - a potion of lignification
 f - 8 potions of curing
 g - 12 potions of heal wounds
 h - 3 potions of haste
 i - 4 potions of magic
 k - 2 potions of invisibility
 s - 5 potions of mutation
 t - a potion of brilliance
 A - a potion of berserk rage
 D - 2 potions of resistance


   Skills:
 + Level 13.4 Fighting
 + Level 12.6 Short Blades
 + Level 13.4 Long Blades
 + Level 12.6 Axes
 + Level 12.6 Maces & Flails
 + Level 12.6 Polearms
 + Level 12.6 Staves
 + Level 12.6 Ranged Weapons
 + Level 12.6 Throwing
 + Level 13.4 Armour
 + Level 12.6 Dodging
 + Level 12.6 Stealth
 + Level 13.4 Shields
 + Level 13.4 Unarmed Combat
 + Level 12.6 Spellcasting
 + Level 10.7 Conjurations
 + Level 10.7 Hexes
 + Level 10.7 Summonings
 + Level 10.7 Necromancy
 + Level 10.7 Translocations
 + Level 10.7 Fire Magic
 + Level 10.7 Ice Magic
 + Level 10.7 Air Magic
 + Level 10.7 Earth Magic
 + Level 10.7 Alchemy
 + Level 13.7 Invocations
 + Level 12.6 Evocations
 + Level 11.6 Shapeshifting


You had 8 spell levels left.
You knew the following spells:

 Your Spells              Type           Power      Damage    Failure   Level
a - Magic Dart            Conj           100%       1d8       1%          1
b - Sting                 Conj/Alch      100%       1d9       1%          1
c - Mephitic Cloud        Conj/Alch/Air  33%        N/A       1%          3
d - Bombard               Conj/Erth      16%        9d3       9%          6
e - Freezing Cloud        Conj/Ice/Air   16%        6-21      1%          5
f - Orb of Destruction    Conj           16%        9d7       41%         7
g - Fireball              Conj/Fire      16%        3d8       1%          5

Your spell library contained the following spells:

 Spells                   Type           Power      Damage    Failure   Level
 Maxwell's Capacitive Co  Air            16%        ∞         96%         8
 Chain Lightning          Conj/Air       16%        3d22      100%        9
 Fire Storm               Conj/Fire      16%        8d4       100%        9
 Apportation              Tloc           66%        N/A       1%          1
 Jinxbite                 Hex            66%        N/A       1%          2
 Lee's Rapid Deconstruct  Erth           16%        3d10*     1%          5
 Leda's Liquefaction      Alch/Erth      16%        N/A       2%          4
 Alistair's Intoxication  Alch           22%        N/A       6%          5


Dungeon Overview and Level Annotations

Branches:
Dungeon (1/1)

Altars:
Ashenzari
Cheibriados
Dithmenos
Elyvilon
Fedhas
Gozag
Hepliaklqana
Kikubaaqudgha
Makhleb
Nemelex Xobeh
Okawaru
Qazlal
Ru
Sif Muna
Trog
Uskayaw
Vehumet
Wu Jian
Xom
Yredelemnul
Zin
The Shining One
Jiyva
Lugonu


Innate Abilities, Weirdness & Mutations

You have very sharp teeth.
Your uncanny sense of smell can sniff out nearby items.
Your experience applies equally to all skills.


Message History

Unknown command.
The death knight is engulfed in freezing vapours.
The death knight mumbles some strange prayers to Yredelemnul against you.
Your body is wracked with pain!
Unknown command.
Casting: Freezing Cloud (dangerous; 1% risk of failure)
Confirm with . or Enter, or press ? or * to list all spells.
Aiming: Mephitic Cloud (safe; 1% risk of failure)
Press: ? - help, Shift-Dir - straight line, f/p - death knight
Aim: a death knight, wielding a +4 battleaxe of distortion and wearing a +0 chain mail (freezing vapour, almost dead, poisoned, chance to affect: 53%)
The ball explodes into a vile cloud!
The stinking cloud engulfs the death knight.
The death knight is almost dead.
The death knight is engulfed in freezing vapours.
You kill the death knight!
Vehumet accepts your kill.
You feel your power returning.
You see here a +0 orcbow.
Casting: Mephitic Cloud (safe; 1% risk of failure)
Confirm with . or Enter, or press ? or * to list all spells.
Aiming: Mephitic Cloud (safe; 1% risk of failure)
Press: ? - help, Shift-Dir - straight line The ball explodes into a vile cloud!
The stinking cloud engulfs the frost giant.
The frost giant is engulfed in noxious fumes.
Unknown command.
The frost giant is engulfed in noxious fumes.
The frost giant is engulfed in noxious fumes.
Casting: Mephitic Cloud (safe; 1% risk of failure)
Confirm with . or Enter, or press ? or * to list all spells.
Aiming: Mephitic Cloud (safe; 1% risk of failure)
Press: ? - help, Shift-Dir - straight line, f - frost giant
Aim: a frost giant, wielding a +1 battleaxe of freezing and wearing a ring of willpower (chance to affect: 24%)
The ball explodes into a vile cloud!
The stinking cloud engulfs the frost giant.
The frost giant is engulfed in noxious fumes.
The frost giant casts a spell at you. The bolt of cold hits you!!!
Ouch! That really hurt!
You die...

........ #.#p∆+.##..###### .....
# '. #.##..#∆∆ #++# .#.∆+.##C.#∆∆
####++########## .+[∆#.##..#
...........##..## ## #.##).#
.#..#......##..# ..##..#
...........''..# ####..#
....)......''..##########..#
.#.)#..)...##...@...☼C☼§...#∆∆∆∆
...........##.......§§§§...#∆∆∆∆
####''######################
..##)'############## ############
..##......#........###...##....##
.[##.)..###...###...#...##......#
..##..)##.'.....##.....####....##
..##))##..##.##..##...##..##..##.
..##))#..##...##......#..........


You could see a frost giant.

Vanquished Creatures
  A fire dragon (D)
  Harold (D)
  A vault guard (D)
  A great orb of eyes (D)
  A merfolk avatar (D)
  2 boulder beetles (D)
  2 anacondas (D)
  A death knight (D)
  A two-headed ogre (D)
  2 death yaks (D)
  An occultist (D)
  Urug (D)
  2 demonic crawlers (D)
  A shadow wraith (D)
  A flayed ghost (D)
  2 orc knights (D)
  A wolf spider (D)
  A deep elf pyromancer (D)
  An elephant (D)
  A merfolk siren (D)
  A smoke demon (D)
  An orange demon (D)
  2 gargoyles (D)
  A komodo dragon (D)
  A yaktaur (D)
  A red devil (D)
  A hellwing (D)
  2 tyrant leeches (D)
  A troll (D)
  A tarantella (D)
  Prince Ribbit (D)
  2 glass eyes (D)
  4 slime creatures (D)
  A spriggan (D)
  A shadow (D)
  A fire bat (D)
  A warg (D)
  4 vampire mosquitoes (D)
  An ice beast (D)
  3 orc warriors (D)
  A laughing skull (D)
  A black bear (D)
  5 wolves (D)
  A centaur (D)
  A bullfrog (D)
  A necrophage (D)
  2 jellies (D)
  6 wights (D)
  2 orc priests (D)
  2 gnoll boudas (D)
  Ijyb (D)
  An orc wizard (D)
  A hell rat (D)
  2 adders (D)
  5 gnolls (D)
  A river rat (D)
  A ribbon worm (D)
  9 orcs (D)
  A bat zombie (D)
  A giant cockroach (D)
  A goblin (D)
  4 jackals (D)
  A quokka (D)
  A ball python skeleton (D)
  2 ball python zombies (D)
  A quokka skeleton (D)
  A rat (D)
112 creatures vanquished.

Notes
Turn   | Place    | Note
-------+----------+-------------------------------------------
     0 | D        | zazu2006 the Gnoll Wanderer began the quest for the Orb.
     0 | D        | zazu2006 set off with the following items: a +2 falchion, a
                  | potion of lignification, a +0 buckler, 2 scrolls of
                  | blinking, a +0 robe, a potion of curing, a potion of heal
                  | wounds, a potion of haste, 2 potions of magic, a potion of
                  | berserk rage.
     0 | D        | Reached XP level 1. HP: 20/20 MP: 1/1
    19 | D        | Reached skill level 1 in Short Blades
    19 | D        | Reached skill level 1 in Axes
    19 | D        | Reached skill level 1 in Maces & Flails
    19 | D        | Reached skill level 1 in Polearms
    19 | D        | Reached skill level 1 in Staves
    19 | D        | Reached skill level 1 in Ranged Weapons
    19 | D        | Reached skill level 1 in Throwing
    19 | D        | Reached skill level 1 in Dodging
    19 | D        | Reached skill level 1 in Stealth
    19 | D        | Reached skill level 1 in Spellcasting
    19 | D        | Reached skill level 1 in Conjurations
    19 | D        | Reached skill level 1 in Hexes
    19 | D        | Reached skill level 1 in Summonings
    19 | D        | Reached skill level 1 in Necromancy
    19 | D        | Reached skill level 1 in Translocations
    19 | D        | Reached skill level 1 in Fire Magic
    19 | D        | Reached skill level 1 in Ice Magic
    19 | D        | Reached skill level 1 in Air Magic
    19 | D        | Reached skill level 1 in Earth Magic
    19 | D        | Reached skill level 1 in Alchemy
    19 | D        | Reached skill level 1 in Invocations
    19 | D        | Reached skill level 1 in Evocations
    19 | D        | Reached skill level 1 in Shapeshifting
    19 | D        | Reached XP level 2. HP: 8/26 MP: 1/3
    67 | D        | Found a bloodstained altar of Trog.
    67 | D        | Found a shimmering blue altar of Sif Muna.
    67 | D        | Found a viscous altar of Jiyva.
    67 | D        | Found a hazy altar of Hepliaklqana.
    67 | D        | Found an opulent altar of Gozag.
    68 | D        | Found a glowing golden altar of the Shining One.
    68 | D        | Found a glowing silver altar of Zin.
    68 | D        | Found a basalt altar of Yredelemnul.
    68 | D        | Found a shimmering altar of Xom.
    68 | D        | Found an ornate altar of the Wu Jian Council.
    68 | D        | Found a sacrificial altar of Ru.
    68 | D        | Found a stormy altar of Qazlal.
    68 | D        | Found an iron altar of Okawaru.
    68 | D        | Found a sparkling altar of Nemelex Xobeh.
    68 | D        | Found a burning altar of Makhleb.
    68 | D        | Found a blossoming altar of Fedhas.
    68 | D        | Found a white marble altar of Elyvilon.
    68 | D        | Found a shadowy altar of Dithmenos.
    68 | D        | Found a snail-covered altar of Cheibriados.
    69 | D        | Found a radiant altar of Vehumet.
    69 | D        | Found a corrupted altar of Lugonu.
    70 | D        | Found an ancient bone altar of Kikubaaqudgha.
    70 | D        | Found a hide-covered altar of Uskayaw.
    70 | D        | Found a broken altar of Ashenzari.
    77 | D        | Became a worshipper of Vehumet
   138 | D        | Noticed a glass eye
   161 | D        | Killed a glass eye
   161 | D        | Reached * piety under Vehumet
   161 | D        | Offered knowledge of Magic Dart by Vehumet.
   162 | D        | Reached XP level 3. HP: 34/34 MP: 4/8
   162 | D        | Reached XP level 4. HP: 40/40 MP: 5/10
   162 | D        | Reached XP level 5. HP: 46/46 MP: 5/11
   166 | D        | Learned a level 1 spell: Magic Dart
   183 | D        | Reached ** piety under Vehumet
   183 | D        | Offered knowledge of Sting by Vehumet.
   198 | D        | Reached *** piety under Vehumet
   267 | D        | Noticed a glass eye
   267 | D        | Noticed a fire bat
   267 | D        | Noticed an orc warrior
   267 | D        | Noticed Ijyb
   272 | D        | Reached XP level 6. HP: 51/52 MP: 12/12
   294 | D        | Learned a level 1 spell: Sting
   304 | D        | Killed Ijyb
   304 | D        | Offered knowledge of Mephitic Cloud by Vehumet.
   304 | D        | Reached **** piety under Vehumet
   309 | D        | Learned a level 3 spell: Mephitic Cloud
   467 | D        | Killed a glass eye
   467 | D        | Offered knowledge of Flame Wave by Vehumet.
   468 | D        | Reached skill level 5 in Short Blades
   468 | D        | Reached skill level 5 in Axes
   468 | D        | Reached skill level 5 in Maces & Flails
   468 | D        | Reached skill level 5 in Polearms
   468 | D        | Reached skill level 5 in Staves
   468 | D        | Reached skill level 5 in Ranged Weapons
   468 | D        | Reached skill level 5 in Throwing
   468 | D        | Reached skill level 5 in Dodging
   468 | D        | Reached skill level 5 in Stealth
   468 | D        | Reached skill level 5 in Spellcasting
   468 | D        | Reached skill level 5 in Invocations
   468 | D        | Reached skill level 5 in Evocations
   501 | D        | Killed a fire bat
   502 | D        | Reached skill level 5 in Shapeshifting
   502 | D        | Reached XP level 7. HP: 46/60 MP: 9/15
   562 | D        | Reached ***** piety under Vehumet
   585 | D        | Offered knowledge of Lee's Rapid Deconstruction by Vehumet.
   586 | D        | Noticed a spriggan
   599 | D        | Killed a spriggan
   600 | D        | Reached skill level 5 in Conjurations
   600 | D        | Reached skill level 5 in Hexes
   600 | D        | Reached skill level 5 in Summonings
   600 | D        | Reached skill level 5 in Necromancy
   600 | D        | Reached skill level 5 in Translocations
   600 | D        | Reached skill level 5 in Fire Magic
   600 | D        | Reached skill level 5 in Ice Magic
   600 | D        | Reached skill level 5 in Air Magic
   600 | D        | Reached skill level 5 in Earth Magic
   600 | D        | Reached skill level 5 in Alchemy
   738 | D        | Offered knowledge of Conjure Ball Lightning by Vehumet.
   739 | D        | Reached XP level 8. HP: 40/68 MP: 17/17
  1242 | D        | Noticed a demonic crawler
  1257 | D        | Noticed a slime creature
  1299 | D        | Reached ****** piety under Vehumet
  1299 | D        | Offered knowledge of Bombard by Vehumet.
  1300 | D        | Reached XP level 9. HP: 43/75 MP: 18/20
  1307 | D        | Learned a level 6 spell: Bombard
  1593 | D        | Noticed a boulder beetle
  1593 | D        | Noticed a troll
  1619 | D        | Killed a boulder beetle
  1621 | D        | Killed a troll
  1781 | D        | Killed a demonic crawler
  1781 | D        | Offered knowledge of Freezing Cloud by Vehumet.
  1782 | D        | Reached skill level 10 in Fighting
  1782 | D        | Reached skill level 10 in Long Blades
  1782 | D        | Reached skill level 10 in Armour
  1782 | D        | Reached skill level 10 in Shields
  1782 | D        | Reached skill level 10 in Unarmed Combat
  1782 | D        | Reached XP level 10. HP: 27/85 MP: 22/22
  1796 | D        | Learned a level 5 spell: Freezing Cloud
  1983 | D        | Noticed a gargoyle
  1994 | D        | Killed a gargoyle
  2123 | D        | Noticed a death yak
  2142 | D        | Noticed Prince Ribbit
  2144 | D        | Reached skill level 10 in Invocations
  2151 | D        | HP: 3/79 [laughing skull/bolt of negative energy (22)]
  2169 | D        | Killed Prince Ribbit
  2238 | D        | Noticed a flayed ghost
  2266 | D        | Killed a flayed ghost
  2304 | D        | Offered knowledge of Orb of Destruction by Vehumet.
  2313 | D        | Learned a level 7 spell: Orb of Destruction
  2341 | D        | Noticed an orc knight
  2369 | D        | Killed an orc knight
  2587 | D        | Killed a death yak
  2587 | D        | Offered knowledge of Fireball by Vehumet.
  2588 | D        | Reached skill level 10 in Short Blades
  2588 | D        | Reached skill level 10 in Axes
  2588 | D        | Reached skill level 10 in Maces & Flails
  2588 | D        | Reached skill level 10 in Polearms
  2588 | D        | Reached skill level 10 in Staves
  2588 | D        | Reached skill level 10 in Ranged Weapons
  2588 | D        | Reached skill level 10 in Throwing
  2588 | D        | Reached skill level 10 in Dodging
  2588 | D        | Reached skill level 10 in Stealth
  2588 | D        | Reached skill level 10 in Spellcasting
  2588 | D        | Reached skill level 10 in Evocations
  2588 | D        | Reached XP level 11. HP: 78/93 MP: 13/25
  2597 | D        | Learned a level 5 spell: Fireball
  2606 | D        | Noticed a demonic crawler
  2609 | D        | Killed a shadow wraith
  2620 | D        | HP: 3/139 [demonic crawler (14)]
  2621 | D        | Killed a demonic crawler
  2889 | D        | Noticed an orc knight
  2913 | D        | Killed an orc knight
  2970 | D        | Noticed a merfolk avatar
  2992 | D        | Offered knowledge of Plasma Beam by Vehumet.
  3020 | D        | Killed a merfolk avatar
  3082 | D        | Reached skill level 10 in Shapeshifting
  3161 | D        | Offered knowledge of Lehudib's Crystal Spear by Vehumet.
  3186 | D        | Noticed Harold
  3270 | D        | Killed Harold
  3350 | D        | Noticed Urug
  3506 | D        | Noticed a two-headed ogre
  3512 | D        | Offered knowledge of Fire Storm by Vehumet.
  3512 | D        | Offered knowledge of Chain Lightning by Vehumet.
  3512 | D        | Offered knowledge of Maxwell's Capacitive Coupling by
                  | Vehumet.
  3516 | D        | Killed Urug
  3532 | D        | Reached XP level 12. HP: 103/103 MP: 9/27
  3532 | D        | Killed a two-headed ogre
  3801 | D        | Noticed a great orb of eyes
  3808 | D        | Killed a great orb of eyes
  3809 | D        | Reached skill level 10 in Conjurations
  3809 | D        | Reached skill level 10 in Hexes
  3809 | D        | Reached skill level 10 in Summonings
  3809 | D        | Reached skill level 10 in Necromancy
  3809 | D        | Reached skill level 10 in Translocations
  3809 | D        | Reached skill level 10 in Fire Magic
  3809 | D        | Reached skill level 10 in Ice Magic
  3809 | D        | Reached skill level 10 in Air Magic
  3809 | D        | Reached skill level 10 in Earth Magic
  3809 | D        | Reached skill level 10 in Alchemy
  3971 | D        | Noticed a boulder beetle
  3973 | D        | Noticed an occultist
  3999 | D        | Killed a boulder beetle
  4093 | D        | Killed an occultist
  4102 | D        | Noticed a fire dragon
  4107 | D        | Noticed a death yak
  4118 | D        | Killed a death yak
  4121 | D        | Killed a fire dragon
  4421 | D        | Noticed an anaconda
  4421 | D        | Noticed a frost giant
  4421 | D        | Noticed a vault guard
  4432 | D        | Noticed an anaconda
  4435 | D        | Noticed a death knight
  4447 | D        | Killed an anaconda
  4700 | D        | Killed an anaconda
  4737 | D        | Killed a vault guard
  4799 | D        | Killed a death knight
  4811 | D        | Killed from afar by a frost giant

Illustrated notes

Levels and vault maps discovered:
D:        pitsprint [storerooms_1, entrance_room_1, metal_vault_6, armoury_2,
          mini_pit_1, grid_room_1, main_hall_1, silver_pit, the_coven_2,
          the_vestibule_1, steel_vault_1, golden_pit, hallway_of_sentries,
          crystal_vault_2, iron_vault_4, final_vault]

Skill      XL: |  1  2  3  4  5  6  7  8  9 10 11 12 |
---------------+-------------------------------------+-----
Short Blades   | 1 4 5 6 7 8 10 11 12 | 12.6
Axes           | 1 4 5 6 7 8 10 11 12 | 12.6
Maces & Flails | 1 4 5 6 7 8 10 11 12 | 12.6
Polearms       | 1 4 5 6 7 8 10 11 12 | 12.6
Staves         | 1 4 5 6 7 8 10 11 12 | 12.6
Ranged Weapons | 1 4 5 6 7 8 10 11 12 | 12.6
Throwing       | 1 4 5 6 7 8 10 11 12 | 12.6
Dodging        | 1 4 5 6 7 8 10 11 12 | 12.6
Stealth        | 1 4 5 6 7 8 10 11 12 | 12.6
Spellcasting   | 1 4 5 6 7 8 10 11 12 | 12.6
Conjurations   | 1 3 4 5 6 7 8 9 10 | 10.7
Hexes          | 1 3 4 5 6 7 8 9 10 | 10.7
Summonings     | 1 3 4 5 6 7 8 9 10 | 10.7
Necromancy     | 1 3 4 5 6 7 8 9 10 | 10.7
Translocations | 1 3 4 5 6 7 8 9 10 | 10.7
Fire Magic     | 1 3 4 5 6 7 8 9 10 | 10.7
Ice Magic      | 1 3 4 5 6 7 8 9 10 | 10.7
Air Magic      | 1 3 4 5 6 7 8 9 10 | 10.7
Earth Magic    | 1 3 4 5 6 7 8 9 10 | 10.7
Alchemy        | 1 3 4 5 6 7 8 9 10 | 10.7
Invocations    | 1 4 6 8 9 11 12 13 | 13.7
Evocations     | 1 4 5 6 7 8 10 11 12 | 12.6
Shapeshifting  | 1 3 5 6 8 9 10 11 | 11.6
Fighting       | 6 7 8 10 11 12 13 | 13.4
Long Blades    | 6 7 8 10 11 12 13 | 13.4
Armour         | 6 7 8 10 11 12 13 | 13.4
Shields        | 6 7 8 10 11 12 13 | 13.4
Unarmed Combat | 6 7 8 10 11 12 13 | 13.4

Action                     |  1- 3 |  4- 6 |  7- 9 | 10-12 || total
---------------------------+-------+-------+-------+-------++-------
  Melee: Falchion          |    35 |    19 |       |       ||    54
         Bite              |     6 |     5 |    10 |    34 ||    55
         Long sword        |       |    21 |    97 |   163 ||   281
         Unarmed           |       |       |     1 |       ||     1
         Scimitar          |       |       |       |     7 ||     7
   Cast: Sting             |       |    15 |     9 |    93 ||   117
         Magic Dart        |       |     1 |     5 |    12 ||    18
         Mephitic Cloud    |       |       |     8 |    39 ||    47
         Freezing Cloud    |       |       |       |    21 ||    21
         Fireball          |       |       |       |     7 ||     7
         Bombard           |       |       |       |     3 ||     3
  Evoke: Wand              |       |       |     1 |       ||     1
    Use: Potion            |       |       |     2 |     3 ||     5
   Stab: Sleeping          |     1 |       |     1 |       ||     2
         Confused          |       |       |     3 |    21 ||    24
 Armour: Robe              |     7 |    25 |    18 |       ||    50
         Ring mail         |       |       |    49 |    88 ||   137
  Dodge: Dodged            |     9 |    30 |    48 |   102 ||   189
  Block: Buckler           |     4 |    11 |    41 |    51 ||   107

Table legend: (Time is in decaauts)
 A = Elapsed time spent in this place.
 B = Non-inter-level travel time spent in this place.
 C = Inter-level travel time spent in this place.
 D = Time resting spent in this place.
 E = Time spent auto-exploring this place.
 F = Levels seen in this place.
 G = Mean time per level.
                   A        B        C        D        E       F      G
               +--------+--------+--------+--------+--------+-----+--------+
         Total |   4814 |   4483 |    331 |   2371 |     76 |   1 | 4814.0 |
       Dungeon |   4814 |   4483 |    331 |   2371 |     76 |   1 | 4814.0 |
               +--------+--------+--------+--------+--------+-----+--------+

Top non-repeatable levels by time:
       D: 4814 daAuts
